 Dungeon Crawl Stone Soup version 0.27-a0-585-g945025970d (webtiles) character file.

Game seed: 10188017413655829133

118403 Rosaphim the Carver (level 16, -9/129 HPs)
             Began as a Demonspawn Berserker on Mar 10, 2021.
             Was the Champion of Trog.
             Mangled by a stone giant (17 damage)
             ... on level 2 of the Depths.
             The game lasted 00:50:55 (18209 turns).

Rosaphim the Carver (Demonspawn Berserker)         Turns: 18209, Time: 00:50:56

Health: -9/129     AC: 34    Str: 35    XL:     16   Next: 25%
Magic:  7/7        EV: 11    Int: 10    God:    Trog [******]
Gold:   982        SH:  0    Dex: 13    Spells: 15/15 levels left

rFire    + . .     SeeInvis +   L - +7 demon blade "Bonurph" {elec, MP-9 Str+3 SInv}
rCold    + . .     Faith    .   (no shield)
rNeg     . . .     Spirit   .   M - +2 crystal plate armour {rC+}
rPois    .         Reflect  .   B - +1 hat
rElec    +         Harm     .   q - +2 cloak
rCorr    .         Rampage  .   C - +2 pair of gloves
Will     +++..                  (boots unavailable)
Stlth    ..........             l - amulet of regeneration
HPRegen  5.31/turn              E - +6 ring of strength
MPRegen  0.10/turn              A - ring of Veuruem {Fire rElec Str+3}

@: berserk cooldown, regenerating
A: talons 3, molten scales 2, cold resistance 1, demonic guardian 3, powered by
death 2
a: Renounce Religion, Berserk, Trog's Hand, Brothers in Arms


You were on level 2 of the Depths.
You worshipped Trog.
Trog was exalted by your worship.
You visited 2 branches of the dungeon, and saw 17 of its levels.
You also visited: Bailey and Ice Cave.

You collected 3343 gold pieces.
You spent 2361 gold pieces at shops.

Inventory:

Hand Weapons
 r - a +9 scythe of freezing
 G - the +5 great mace "Olali" {flame, rElec rPois rN++ SInv}
   (Trog gifted it to you on level 9 of the Dungeon)

   It has been specially enchanted to burn those struck by it, causing extra
   injury to most foes and up to half again as much damage against particularly
   susceptible opponents.
   It insulates you from electricity.
   It protects you from poison.
   It greatly protects you from negative energy.
   It lets you see invisible.
 K - a +1 executioner's axe of freezing
 L - the +7 demon blade "Bonurph" (weapon) {elec, MP-9 Str+3 SInv}
   (You found it in an ice cave)

   Occasionally, upon striking a foe, it can discharge electrical energy and
   cause terrible harm.
   It affects your strength (+3).
   It affects your magic capacity (-9).
   It lets you see invisible.
Armour
 q - a +2 cloak (worn)
 B - a +1 hat (worn)
 C - a +2 pair of gloves (worn)
 M - a +2 crystal plate armour of cold resistance (worn)
Jewellery
 b - a ring of poison resistance
 i - a ring of the Octopus King {AC+1 EV+1 Str+1 Int+1 Dex+1 SInv}
   (You found it on level 13 of the Dungeon)

   [ring of see invisible]

   It affects your AC (+1).
   It affects your evasion (+1).
   It affects your strength (+1).
   It affects your intelligence (+1).
   It affects your dexterity (+1).
   It lets you see invisible.
 l - an amulet of regeneration (around neck)
 p - a ring of flight
 A - the ring of Veuruem (right hand) {Fire rElec Str+3}
   (You took it off an orc wizard on level 8 of the Dungeon)

   [ring of fire]

   It enhances your fire magic.
   It affects your strength (+3).
   It protects you from fire.
   It makes you vulnerable to cold.
   It insulates you from electricity.
 E - a +6 ring of strength (left hand)
 F - a +4 ring of evasion
 Q - a ring of ice
 U - a +6 ring of dexterity
Wands
 c - a wand of charming (9)
 h - a wand of acid (11)
 o - a wand of digging (6)
 u - a wand of flame (16)
 x - a wand of random effects (17)
 y - a wand of paralysis (13)
 H - a wand of polymorph (8)
Scrolls
 f - a scroll of enchant weapon
 k - 3 scrolls of blinking
 n - a scroll of immolation
 v - 6 scrolls of teleportation
 O - a scroll of fog
 T - 2 scrolls of enchant armour
 V - a scroll of identify
 Z - a scroll of fear
Potions
 a - 4 potions of curing
 d - a potion of berserk rage
 e - 2 potions of might
 g - 2 potions of haste
 j - 3 potions of mutation
 m - 3 potions of attraction
 s - 5 potions of magic
 z - a potion of cancellation
 D - 2 potions of ambrosia
 I - 3 potions of lignification
 J - 2 potions of resistance
 P - 3 potions of heal wounds
 S - a potion of invisibility
 W - 2 potions of flight


   Skills:
 + Level 12.9 Fighting
 + Level 14.5 Long Blades
 - Level 9.0 Polearms
 + Level 11.2 Armour
 + Level 11.3 Dodging


You had 15 spell levels left.
You didn't know any spells.
Your spell library was empty.

Dungeon Overview and Level Annotations

Branches:
Dungeon (15/15)            Temple (0/1) D:4            Lair (0/6) D:8
    Orc (0/2) D:11         Vaults (0/5) D:13         Depths (2/5) D:15
 Bailey (visited)           IceCv (visited)

Altars:
Ashenzari
Fedhas
Nemelex Xobeh
Okawaru
Ru
Sif Muna
Trog
Uskayaw
Vehumet
Wu Jian
Zin

Shops:
D:12 !   Depths:1 ?   Depths:2 (=*

Portals:
Hell: Depths:1 Depths:2
Pandemonium: Depths:1 Depths:2


Innate Abilities, Weirdness & Mutations

You have claws for feet.
You are mostly covered in molten scales. (AC +3)
Your flesh is cold resistant. (rC+)
A powerful demonic guardian rushes to your aid.
You regenerate health from kills.


Message History

You claw the cyan ugly thing, but do no damage.
The cyan ugly thing is almost dead.
You slash the cyan ugly thing!
You kill the cyan ugly thing!
Trog accepts your kill.
Your reaper hits the fire dragon from afar with a +4 vorpal scythe!!!
The fire dragon dies!
Trog accepts your kill.
The fire dragon scales are intact enough to wear.
A hell knight comes into view. It is wielding a +3 demon trident.
Unknown command.
You hit the frost giant. You claw the frost giant.
The frost giant is lightly wounded.
The frost giant hits you with a +1 battleaxe of freezing.
* * * LOW HITPOINT WARNING * * *
The frost giant hits your reaper with a +1 battleaxe of freezing!
Unknown command.
You slash the frost giant!
You claw the frost giant, but do no damage.
The frost giant is lightly wounded.
Your reaper hits the frost giant with a +4 vorpal scythe!!!
You slice the frost giant!!
Lightning courses through the frost giant!
You claw the frost giant.
You kill the frost giant!
Trog accepts your kill.
Trog appreciates your killing of a magic user.
The stone giant hits you!!
* * * LOW HITPOINT WARNING * * *
You hit the stone giant but do no damage.
Lightning courses through the stone giant!
You claw the stone giant.
The stone giant is lightly wounded.
You slice the stone giant!!
Lightning courses through the stone giant!
You claw the stone giant, but do no damage.
The stone giant is heavily wounded.
Your reaper hits the stone giant from afar with a +4 vorpal scythe!
The stone giant hits you!
You die...

#.......#....≈# #≈...
#.......+....≈# #≈...
##.......#....≈## #≈..+
##........#....≈≈##∩≈≈.
.# .........###'..≈≈≈≈≈..
..###.......(.)..........
...##.............##..#.
...##..)2............#
#..##.D@............#
#..#.C.............#
#$###.#p###...........#
#...)'.# #..........(#
#!....#.# #......######
..###..#.# ......#
#..##.# ..... #..# ...
.... ...# ...


You could see an ice dragon, a stone giant (ally target), a hell knight and a
friendly reaper (summoned).

Vanquished Creatures
  A caustic shrike (Depths:2)
  2 frost giants
  An orc warlord (Bailey)
  4 very ugly things (Depths:2)
  3 stone giants
  A vampire knight (Depths:1)
  8 spark wasps (Depths:2)
  Snorg (D:10)
  Fannar (D:11)
  A great orb of eyes (Depths:1)
  2 fire dragons
  A rakshasa (Depths:1)
  A vault guard (D:13)
  An ice dragon (Depths:2)
  Erolcha (D:9)
  A hydra (D:15)
  Harold (D:8)
  3 centaur warriors
  Erica (D:10)
  2 death knights
  3 two-headed ogres
  A tengu warrior (D:14)
  3 deep troll shamans
  3 deep troll earth magi
  An iron troll (Depths:2)
  A skeletal warrior (D:13)
  An unseen horror (D:13)
  11 deep trolls
  A phantasmal warrior (D:13)
  Pikel (D:9)
  4 orc knights
  A deep elf pyromancer (D:14)
  2 ugly things
  A cyclops (D:14)
  A wolf spider (D:15)
  2 manticores
  Maurice (D:9)
  2 ice statues (IceCv)
  A gargoyle (D:15)
  Maggie (D:9)
  Psyche (D:8)
  2 komodo dragons (D:13)
  2 tengu conjurers
  2 freezing wraiths
  A harpy zombie (D:15)
  9 ice devils
  2 polar bears (D:11)
  A meliai (shapeshifter) (D:15)
  4 trolls
  Grinder (D:3)
  4 slime creatures (D:14)
  3 hornets
  A meliai zombie (D:13)
  A snapping turtle (shapeshifter) (D:15)
  2 wyverns
  Sigmund (D:5)
  2 shadows (D:13)
  10 humans (D:13)
  4 yaks
  4 wraiths
  13 vampire mosquitoes
  A warg (D:11)
  An acid dragon (D:13)
  A warg (shapeshifter) (D:13)
  34 orc warriors
  2 black bears
  12 ice beasts
  A hornet zombie (D:10)
  3 sky beasts
  14 ogres
  10 centaurs
  5 phantoms
  10 bullfrogs
  5 scorpions
  22 killer bees
  4 wights
  5 howler monkeys
  2 electric eels
  6 crimson imps (D:12)
  3 bullfrog zombies
  6 quasits
  3 jellies (D:8)
  2 centaur zombies
  4 hounds
  2 bullfrog skeletons
  12 orc priests
  Crazy Yiuf (D:3)
  Terence (D:2)
  Jessica (D:3)
  Natasha (twice) (D:2)
  2 centaur skeletons
  6 iguanas
  17 orc wizards
  14 worker ants
  A bullfrog simulacrum (D:11)
  A hound zombie (D:10)
  14 adders
  13 gnolls
  2 shadow imps
  17 white imps
  A worker ant simulacrum (D:11)
  7 ufetubi
  An ooze (D:2)
  An adder skeleton (D:5)
  2 worms
  A dart slug (D:4)
  7 leopard geckos
  101 orcs
  A ball python (D:7)
  5 giant cockroaches
  24 goblins
  16 hobgoblins
  11 jackals
  2 quokkas (D:4)
  3 bats
  3 frilled lizards
  A jackal skeleton (D:5)
  5 kobolds
  2 quokka skeletons
  A quokka zombie (D:6)
  10 rats
616 creatures vanquished.

Vanquished Creatures (collateral kills)
  A quicksilver dragon (Depths:2)
  A tengu reaver (Depths:2)
  A frost giant (Depths:1)
  A stone giant (Depths:2)
  A spark wasp (Depths:2)
  A fire dragon (Depths:2)
  A slime creature (D:14)
  2 spriggan berserkers (Depths:2)
  A cyclops (D:14)
  3 ice devils
  A troll (D:9)
  2 yaks (D:10)
  A basilisk (D:14)
  A steam dragon (D:9)
  An orc warrior (D:10)
  A bullfrog (D:9)
  7 killer bees
  A bullfrog zombie (D:5)
  3 orc wizards
  A hound skeleton (D:8)
  A white imp (Depths:2)
  3 orcs (D:10)
36 creatures vanquished.

Vanquished Creatures (others)
  A reaper (IceCv)
  A vault guard (D:13)
  A centaur (D:11)
  An iguana (D:11)
  2 white imps (IceCv)
  3 ufetubi (IceCv)
9 creatures vanquished.

Grand Total: 661 creatures vanquished

Notes
Turn   | Place    | Note
-------+----------+-------------------------------------------
     0 | D:1      | Rosaphim the Demonspawn Berserker began the quest for the
                  | Orb.
     0 | D:1      | Reached XP level 1. HP: 18/18 MP: 1/1
   589 | D:1      | Reached skill level 3 in Long Blades
   589 | D:1      | Gained mutation: You have sharp toenails. [demonic
                  | ancestry]
   589 | D:1      | Reached XP level 2. HP: 24/24 MP: 2/2
  1495 | D:1      | Gained mutation: You are partially covered in molten
                  | scales. (AC +2) [demonic ancestry]
  1495 | D:1      | Reached XP level 3. HP: 15/29 MP: 3/3
  1753 | D:2      | Found a broken altar of Ashenzari.
  1997 | D:2      | Reached ** piety under Trog
  2119 | D:2      | Noticed Natasha
  2131 | D:2      | Killed Natasha
  2132 | D:2      | Gained mutation: A weak demonic guardian rushes to your
                  | aid. [demonic ancestry]
  2132 | D:2      | Reached XP level 4. HP: 29/37 MP: 4/4
  2675 | D:2      | Noticed Natasha
  2687 | D:2      | Killed Natasha
  2688 | D:2      | Reached XP level 5. HP: 28/42 MP: 5/5
  2878 | D:2      | Noticed Terence
  2900 | D:2      | Killed Terence
  3076 | D:3      | Noticed Jessica
  3084 | D:3      | Killed Jessica
  3133 | D:3      | Noticed Grinder
  3137 | D:3      | Paralysed by Grinder for 7 turns
  3276 | D:3      | Gained mutation: You are mostly covered in molten scales.
                  | (AC +3) [demonic ancestry]
  3276 | D:3      | Reached XP level 6. HP: 45/48 MP: 6/6
  3283 | D:3      | Found a radiant altar of Vehumet.
  3356 | D:3      | Killed Grinder
  3357 | D:3      | Reached skill level 4 in Long Blades
  3527 | D:3      | Found a bloodstained altar of Trog.
  3553 | D:3      | Found a runed translucent door.
  3554 | D:3      | Noticed Crazy Yiuf
  3868 | D:3      | Killed Crazy Yiuf
  3869 | D:3      | Gained mutation: A demonic guardian rushes to your aid.
                  | [demonic ancestry]
  3869 | D:3      | Reached XP level 7. HP: 55/55 MP: 7/7
  4128 | D:3      | Reached skill level 5 in Fighting
  4152 | D:4      | Reached *** piety under Trog
  4188 | D:4      | Found a hide-covered altar of Uskayaw.
  4294 | D:4      | Found a staircase to the Ecumenical Temple.
  4717 | D:5      | Entered Level 5 of the Dungeon
  4718 | D:5      | Noticed Sigmund
  4732 | D:4      | Reached skill level 5 in Long Blades
  4950 | D:4      | Gained mutation: You have razor-sharp toenails. [demonic
                  | ancestry]
  4950 | D:4      | Reached XP level 8. HP: 26/63 MP: 8/8
  4993 | D:5      | Killed Sigmund
  5102 | D:5      | Reached skill level 1 in Polearms
  5112 | D:5      | Reached skill level 5 in Dodging
  5241 | D:5      | Reached skill level 5 in Armour
  6072 | D:6      | Reached **** piety under Trog
  6360 | D:6      | Reached XP level 9. HP: 71/71 MP: 9/9
  6931 | D:7      | Reached skill level 6 in Long Blades
  7448 | D:8      | Reached ***** piety under Trog
  7449 | D:8      | Reached skill level 5 in Polearms
  7500 | D:8      | Identified the ring of Veuruem {Fire rElec Str+3}
  7526 | D:8      | Gained mutation: You regenerate a little health from kills.
                  | [demonic ancestry]
  7526 | D:8      | Reached XP level 10. HP: 79/79 MP: 10/10
  7652 | D:8      | Identified the +1 robe of Past Mistakes {-Tele Harm Str+3
                  | Int+8}
  7653 | D:8      | Found a shimmering blue altar of Sif Muna.
  7714 | D:8      | Found a staircase to the Lair.
  7843 | D:8      | Noticed Psyche
  7848 | D:8      | Killed Psyche
  7972 | D:8      | Noticed Harold
  7984 | D:8      | Killed Harold
  8418 | D:9      | Noticed Pikel
  8426 | D:9      | Killed Pikel
  8427 | D:9      | Reached skill level 7 in Long Blades
  8682 | D:9      | Noticed Erolcha
  8693 | D:9      | Killed Erolcha
  8773 | D:9      | Identified the +5 great mace "Olali" {flame, rElec rPois
                  | rN++ SInv} (Trog gifted it to you on level 9 of the
                  | Dungeon)
  8773 | D:9      | Received a gift from Trog
  8799 | D:9      | Found an iron altar of Okawaru.
  8799 | D:9      | Found a blossoming altar of Fedhas.
  8799 | D:9      | Found a sacrificial altar of Ru.
  8816 | D:9      | Found an ornate altar of the Wu Jian Council.
  8853 | D:9      | Noticed Maggie
  8860 | D:9      | Killed Maggie
  8861 | D:9      | Gained mutation: A powerful demonic guardian rushes to your
                  | aid. [demonic ancestry]
  8861 | D:9      | Reached XP level 11. HP: 85/86 MP: 11/11
  9267 | D:9      | Noticed Maurice
  9298 | D:9      | Killed Maurice
  9502 | D:10     | Entered Level 10 of the Dungeon
  9673 | D:10     | Noticed Snorg
  9681 | D:10     | Killed Snorg
  9938 | D:10     | Noticed Erica
  9953 | D:10     | Killed Erica
 10237 | D:11     | Found a frozen archway.
 10246 | D:11     | Reached skill level 8 in Long Blades
 10253 | IceCv    | Entered an ice cave
 10477 | IceCv    | Killed a reaper
 10804 | IceCv    | HP: 1/87 [ice devil (24)]
 10887 | IceCv    | Reached ****** piety under Trog
 11169 | IceCv    | Identified the +7 demon blade "Bonurph" {elec, MP-9 Str+3
                  | SInv}
 11381 | D:11     | Gained mutation: You have claws for feet. [demonic
                  | ancestry]
 11381 | D:11     | Reached XP level 12. HP: 93/95 MP: 3/12
 11394 | D:11     | Found a staircase to the Orcish Mines.
 11448 | D:11     | Paralysed by a hornet for 1 turns
 11498 | D:11     | Noticed a two-headed ogre
 11514 | D:11     | Killed a two-headed ogre
 11601 | D:11     | Noticed Fannar
 11665 | D:11     | Killed Fannar
 11746 | D:11     | Reached skill level 9 in Long Blades
 11845 | D:11     | Noticed a two-headed ogre
 11849 | D:11     | Killed a two-headed ogre
 11941 | D:11     | Reached skill level 10 in Fighting
 11941 | D:11     | Received a gift from Trog
 12518 | D:12     | Found Kevved's Distillery.
 12530 | D:12     | Bought a potion of haste for 120 gold pieces
 13234 | D:13     | Noticed a centaur warrior
 13246 | D:13     | Killed a centaur warrior
 13336 | D:13     | Noticed a death knight
 13379 | D:13     | Found the ring of the Octopus King
 13413 | D:13     | Identified a ring of the Octopus King {AC+1 EV+1 Str+1
                  | Int+1 Dex+1 SInv}
 13554 | D:13     | Killed a vault guard
 13645 | D:13     | Killed a death knight
 13646 | D:13     | Reached XP level 13. HP: 104/104 MP: 4/13
 14120 | D:13     | Received a gift from Trog
 14125 | D:13     | Reached skill level 10 in Long Blades
 14167 | D:13     | Found a gate to the Vaults.
 14470 | D:14     | Identified a scroll of acquirement
 14470 | D:14     | Acquired 868 gold pieces
 14477 | D:14     | Found a flagged portal.
 14520 | Bailey   | Entered a bailey
 14893 | Bailey   | Noticed an orc warlord
 14910 | Bailey   | Reached skill level 10 in Dodging
 14916 | Bailey   | Killed an orc warlord
 14917 | Bailey   | Reached skill level 10 in Armour
 15197 | Bailey   | Received a gift from Trog
 15910 | D:14     | Acquired a +6 ring of strength
 16162 | D:15     | Entered Level 15 of the Dungeon
 16165 | D:15     | Received a gift from Trog
 16241 | D:15     | Gained mutation: You regenerate health from kills. [demonic
                  | ancestry]
 16241 | D:15     | Reached XP level 14. HP: 106/114 MP: 5/14
 16262 | D:15     | Found a staircase to the Depths.
 16284 | Depths:1 | Entered Level 1 of the Depths
 16322 | Depths:1 | Noticed a stone giant
 16327 | Depths:1 | Killed a stone giant
 16328 | Depths:1 | Reached skill level 11 in Long Blades
 16347 | Depths:1 | Noticed a stone giant
 16355 | Depths:1 | Killed a stone giant
 16396 | Depths:1 | Found Kinya's Magic Scroll Shop.
 16409 | Depths:1 | Bought a scroll of identify for 24 gold pieces
 16409 | Depths:1 | Bought a scroll of blinking for 90 gold pieces
 16409 | Depths:1 | Bought a scroll of identify for 24 gold pieces
 16409 | Depths:1 | Bought a scroll of identify for 24 gold pieces
 16409 | Depths:1 | Bought a scroll of identify for 24 gold pieces
 16435 | Depths:1 | Found a one-way gate leading to the halls of Pandemonium.
 16508 | Depths:1 | Noticed a frost giant
 16510 | Depths:1 | Noticed a frost giant
 16516 | Depths:1 | Killed a frost giant
 16520 | Depths:1 | Killed a frost giant
 16648 | Depths:1 | Reached skill level 12 in Long Blades
 16724 | Depths:1 | Found a sparkling altar of Nemelex Xobeh.
 16749 | Depths:1 | Found a gateway to Hell.
 16801 | Depths:1 | Paralysed by a great orb of eyes for 7 turns
 16817 | Depths:1 | Noticed a vampire knight
 16829 | Depths:1 | Killed a vampire knight
 17231 | Depths:2 | Noticed a cyan very ugly thing
 17232 | Depths:2 | Noticed a cyan very ugly thing
 17232 | Depths:2 | Noticed a cyan very ugly thing
 17232 | Depths:2 | Noticed a cyan very ugly thing
 17244 | Depths:2 | Killed a cyan very ugly thing
 17253 | Depths:2 | Killed a brown very ugly thing
 17258 | Depths:2 | Killed a green very ugly thing
 17259 | Depths:2 | Reached skill level 13 in Long Blades
 17261 | Depths:2 | Killed a cyan very ugly thing
 17490 | Depths:2 | Found Coeckes's Weapon Boutique.
 17498 | Depths:2 | Bought the +9 scythe of Stickiness {vorpal, Str+2 Int+2}
                  | for 1103 gold pieces
 17525 | Depths:2 | Found Warhuphay's General Store.
 17527 | Depths:2 | Received a gift from Trog
 17549 | Depths:2 | Bought a scroll of acquirement for 832 gold pieces
 17549 | Depths:2 | Bought a scroll of enchant weapon for 120 gold pieces
 17566 | Depths:2 | Reached skill level 14 in Long Blades
 17566 | Depths:2 | Gained mutation: Your flesh is cold resistant. (rC+)
                  | [demonic ancestry]
 17566 | Depths:2 | Reached XP level 15. HP: 122/122 MP: 6/15
 17567 | Depths:2 | Acquired 652 gold pieces
 17943 | Depths:2 | Found Mankiycsyu's Jewellery Shoppe.
 17972 | Depths:2 | Reached XP level 16. HP: 84/129 MP: 7/16
 18096 | Depths:2 | Noticed a tengu reaver
 18107 | Depths:2 | Killed a tengu reaver
 18159 | Depths:2 | Noticed a caustic shrike
 18159 | Depths:2 | Noticed a quicksilver dragon
 18163 | Depths:2 | Killed a caustic shrike
 18172 | Depths:2 | Killed a quicksilver dragon
 18207 | Depths:2 | HP: 1/129 [stone giant (28)]
 18209 | Depths:2 | Mangled by a stone giant

Illustrated notes

Levels and vault maps discovered:
D:1:      grunt_arrival_lava_bath, layout_basic
D:2:      layout_loops_ring, nicolae_ashenzari_skybound, uniq_natasha,
          uniq_terence
D:3:      layout_rooms, marbit_many_paths, bloody_trog, uniq_jessica,
          uniq_crazy_yiuf_cottage, uniq_grinder
D:4:      cheibrodos_barr_body, layout_cave_pools, overflow_temple_1_default,
          minmay_temple_entry_large_hall
D:5:      layout_loops_ring, uniq_sigmund
D:6:      layout_loops_corners
D:7:      layout_rooms
D:8:      layout_loops_ring, lemuel_round_altar, lair_entry_dummy,
          minmay_ruined_shrine, uniq_psyche, uniq_harold
D:9:      layout_basic, grunt_temple_overflow_cloverleaf, uniq_erolcha,
          uniq_maurice, uniq_pikel, uniq_maggie
D:10:     layout_basic, minmay_crystal_water, uniq_erica, uniq_snorg
D:11:     layout_roguey, erik_orc_3, serial_ice, serial_ice_g, serial_ice_d,
          serial_ice_i, serial_ice_e, serial_ice_m, serial_ice_c,
          portal_ice_cave_demonic_guard, kennysheep_cross_room,
          grunt_ministairs_1, hangedman_decor_lopped, grunt_potential,
          uniq_fannar
D:12:     layout_cave_pools, serial_park, serial_shops, shop, minmay_nine_imps
D:13:     layout_layer_cave, ximxim_vaults_locker_room
D:14:     layout_roguey [special_room_orc], grunt_decor_mini_mirrors,
          enter_bailey_8
D:15:     hangedman_depths_entry_try_elsewhere_first, layout_cave_pools,
          serial_glass, glass_columns_b, glass_columns_a, feat_on_display,
          gauntlet_entry_generic, uniq_josephine
Depths:1: layout_gridlike, serial_shops, shop_scrolls, hell_entry,
          rand_demon_pan_entry_8, minivault_1, nemelex_altar_shiori
Depths:2: minmay_the_grid_octo_triangle [minmay_the_grid_octo_pinwheel,
          minmay_the_grid_octo_prize_single_spiral,
          minmay_the_grid_octo_odd_swirl], layout_gridville, pan_entry,
          hangedman_coc_ice_floe, serial_shops, shop,
          nicolae_shop_temple_entry_statues_fountains, shop_statue,
          nicolae_shop_competitors_out_of_business, dk_noncrumbling_4

Skill      XL: |  1  2  3  4  5  6  7  8  9 10 11 12 13 14 15 16 |
---------------+-------------------------------------------------+-----
Long Blades    | 3 4 5 6 7 8 9 10 14 | 14.5
Dodging        | 2 3 4 5 6 7 8 9 10 11 | 11.3
Armour         | 2 3 4 5 6 7 8 9 10 11 | 11.2
Fighting       | 4 5 6 7 8 9 10 11 12 | 12.9
Polearms       | 3 5 7 9 |  9.0

Action                   |  1- 3 |  4- 6 |  7- 9 | 10-12 | 13-15 | 16-18 || total
-------------------------+-------+-------+-------+-------+-------+-------++-------
Melee: Falchion          |    96 |   113 |    72 |       |       |       ||   281
       Kick              |    16 |    40 |    80 |   171 |   223 |    31 ||   561
       Long sword        |       |       |    62 |       |       |       ||    62
       Scythe            |       |       |   224 |   226 |       |       ||   450
       Great mace        |       |       |       |    65 |     4 |       ||    69
       Demon blade       |       |       |       |   288 |   480 |    49 ||   817
Invok: Berserk           |     2 |     5 |     6 |    18 |    16 |     1 ||    48
       Trog's Hand       |       |       |       |       |       |     1 ||     1
Evoke: Wand              |       |       |       |    19 |     1 |       ||    20
  Use: Scroll            |       |     5 |    13 |    16 |    12 |     1 ||    47
       Potion            |       |       |       |     3 |     3 |     2 ||     8
 Stab: Distracted        |     1 |       |       |       |       |       ||     1
Armor: Animal skin       |    27 |     5 |       |       |       |       ||    32
       Chain mail        |       |    70 |   212 |       |       |       ||   282
       Plate armour      |       |       |   149 |   337 |       |       ||   486
       Crystal plate arm |       |       |       |   228 |   291 |    44 ||   563
Dodge: Dodged            |    69 |    50 |   197 |   437 |   242 |    22 ||  1017
       Rpst.: Falchion   |    23 |    14 |    17 |       |       |       ||    54
       Long sword        |       |       |     7 |       |       |       ||     7
       Demon blade       |       |       |       |    46 |    68 |     4 ||   118

Table legend: (Time is in decaauts)
 A = Elapsed time spent in this place.
 B = Non-inter-level travel time spent in this place.
 C = Inter-level travel time spent in this place.
 D = Time resting spent in this place.
 E = Time spent auto-exploring this place.
 F = Levels seen in this place.
 G = Mean time per level.
                   A        B        C        D        E       F      G
               +--------+--------+--------+--------+--------+-----+--------+
         Total |  18879 |  17972 |    907 |   4107 |   9381 |  19 |  993.6 |
       Dungeon |  15084 |  14293 |    791 |   2283 |   8554 |  15 | 1005.6 |
        Depths |   1920 |   1804 |    116 |    652 |    727 |   2 |  960.0 |
        Bailey |    713 |    713 |      0 |    406 |     99 |   1 |  713.0 |
      Ice Cave |   1161 |   1161 |      0 |    764 |      1 |   1 | 1161.0 |
               +--------+--------+--------+--------+--------+-----+--------+

Top non-repeatable levels by time:
     D:1: 1657 daAuts
    D:13: 1516 daAuts
     D:2: 1429 daAuts
     D:9: 1236 daAuts
     D:6: 1198 daAuts
   IceCv: 1161 daAuts
     D:8: 1145 daAuts
     D:3: 1137 daAuts
    D:11: 1097 daAuts
    D:14: 983 daAuts
Depths:2: 973 daAuts
Depths:1: 947 daAuts
     D:4: 881 daAuts
    D:10: 802 daAuts
     D:5: 776 daAuts
